General information
			
			
        
        - name: GRUDGE2
 
        - type: Custom game
 
        - host: BEAR_AND
 
        - saver: BEAR_AND
 
        
map: EchoIsles 
        - players: 7
 
        - length: 21:46
 
        - speed: Fast
 - version: 1.22 W3XP
 - replay type:  

 
» download(96 KB)
Players
        team 1 (loser) 
              
              
timG4strok (
blue | 176 APM | 3827 actions | 21:44)
              
 5 Pandaren Brewmaster 
 3 Breath of Fire
 1 Drunken Haze
 1 Drunken Brawler
 4 Demon Hunter 
 2 Mana Burn
 2 Evasion
 
                » actions 
                
                | Assign group hotkey | 35 |  | 
| Basic commands | 101 |  | 
| Build / train | 63 |  | 
| ESC pressed | 3 |  | 
| Enter build submenu | 19 |  | 
| Enter hero's abilities submenu | 10 |  | 
| Right click | 1724 |  | 
| Select / deselect | 268 |  | 
| Select group hotkey | 1486 |  | 
| Use ability | 118 |  | 
                3827 total
 » units 
                
                | Wisp | 21 |  | 
| Archer | 7 |  | 
| Dryad | 4 |  | 
| Druid of the Claw | 5 |  | 
                37 total
 » upgrades
                
                | Abolish Magic | 1 |  | 
| Druid of the Claw Training | 2 |  | 
                3 total
 » buildings
                
                | Ancient of War | 1 |  | 
| Moon Well | 6 |  | 
| Altar of Elders | 1 |  | 
| Tree of Ages | 1 |  | 
| Hunter's Hall | 1 |  | 
| Ancient of Lore | 4 |  | 
| Ancient of Wonders | 1 |  | 
| Tree of Eternity | 1 |  | 
| Tree of Life | 3 |  | 
| Ancient of Wind | 1 |  | 
| Chimaera Roost | 1 |  | 
                21 total
 » build order
                00:05 Ancient of War
00:07 Moon Well
00:47 Altar of Elders
01:54 Moon Well
01:56 Moon Well
03:22 Tree of Ages
03:24 Hunter's Hall
04:13 Moon Well
05:09 Moon Well
05:51 Ancient of Lore
05:53 Ancient of Lore
05:59 Moon Well
06:25 Ancient of Lore
07:10 Ancient of Wonders
07:53 Tree of Eternity
09:46 Tree of Life
10:07 Tree of Life
10:53 Ancient of Wind
13:34 Tree of Life
14:08 Chimaera Roost
19:26 Ancient of Lore
» items
                
                | Scroll of Town Portal | 3 |  | 
| Boots of Speed | 1 |  | 
| Staff of Preservation | 3 |  | 
| Potion of Healing | 1 |  | 
| Orb of Venom | 1 |  | 
                9 total
  
               team 2 (winner) 
              
              
1st_Panzer_Div. (
purple | 144 APM | 3144 actions | 21:45)
              
 5 Archmage 
 3 Summon Water Elemental
 2 Brilliance Aura
 4 Mountain King 
 2 Storm Bolt
 2 Bash
 
                » actions 
                
                | Assign group hotkey | 390 |  | 
| Basic commands | 500 |  | 
| Build / train | 68 |  | 
| Enter build submenu | 28 |  | 
| Enter hero's abilities submenu | 9 |  | 
| Give item / drop item | 1 |  | 
| Right click | 564 |  | 
| Select / deselect | 432 |  | 
| Select group hotkey | 1059 |  | 
| Use ability | 93 |  | 
                3144 total
 » units 
                
                | Peasant | 12 |  | 
| Footman | 5 |  | 
| Forest Troll Shadow Priest | 1 |  | 
| Mortar Team | 5 |  | 
| Spell Breaker | 7 |  | 
| Knight | 6 |  | 
| Sorceress | 1 |  | 
                37 total
 » upgrades
                
                | Masonry | 1 |  | 
| Gunpowder | 1 |  | 
| Flare | 1 |  | 
| Fragmentation Shards | 1 |  | 
| Animal War Training | 1 |  | 
                5 total
 » buildings
                
                | Altar of Kings | 1 |  | 
| Farm | 11 |  | 
| Barracks | 1 |  | 
| Scout Tower | 3 |  | 
| Arcane Tower | 2 |  | 
| Lumber Mill | 1 |  | 
| Arcane Vault | 1 |  | 
| Keep | 1 |  | 
| Blacksmith | 1 |  | 
| Arcane Sanctum | 1 |  | 
| Workshop | 1 |  | 
| Castle | 1 |  | 
| Town Hall | 1 |  | 
                26 total
 » build order
                00:08 Altar of Kings
00:12 Farm
00:21 Barracks
01:02 Scout Tower
01:39 Farm
01:49 Farm
02:00 Arcane Tower
02:45 Scout Tower
03:28 Lumber Mill
03:31 Arcane Vault
03:33 Arcane Tower
04:39 Keep
04:48 Farm
05:21 Farm
05:32 Farm
05:34 Farm
06:04 Blacksmith
07:15 Arcane Sanctum
07:29 Workshop
07:36 Farm
09:42 Farm
10:29 Farm
11:27 Castle
14:59 Farm
21:05 Scout Tower
21:06 Town Hall
» items
                
                | Scroll of Regeneration | 7 |  | 
| Scroll of Town Portal | 1 |  | 
| Potion of Healing | 1 |  | 
| Lesser Clarity Potion | 2 |  | 
                11 total
  
               observersBEAR_AND, 
bLinn, 
Mr.Wookums, 
Chopstix, 
iggy_the_fisk Chat log
          (00:46 / All) 1st_Panzer_Div.: welp gg now
(00:49 / All) 1st_Panzer_Div.: I think you win already
(00:50 / All) timG4strok: gg gl
(00:52 / All) 1st_Panzer_Div.: I don't have any imba
(01:09 / All) timG4strok: nah if you beat me is either skill or i fuck up GL
(01:32 / All) timG4strok: dont worry ill just make an excuse either wayl.
(01:38 / All) 1st_Panzer_Div.: tight
(01:43 / All) 1st_Panzer_Div.: real pros don't lose
(01:50 / All) timG4strok: real pros dont pick ud
(01:56 / All) 1st_Panzer_Div.: that is very true
(01:58 / All) 1st_Panzer_Div.: they're too imba
(02:13 / Observers) Chopstix: how good is panzer
(02:20 / Observers) Chopstix: didnt he win the twt tourny or something
(02:23 / Observers) Chopstix: with erz in it
(02:33 / Observers) bLinn: yeah so we're talking professional level
(02:42 / Observers) Mr.Wookums: he's a good undead
(02:50 / Observers) Chopstix: that means nothing
(02:50 / Observers) Mr.Wookums: uses their casters though
(02:58 / Observers) BEAR_AND: erz lost in the winter wiggity
(03:00 / Observers) BEAR_AND: so..............
(03:10 / Observers) bLinn: one foul sweep
(03:15 / Observers) Chopstix: i thought erz was pretty decent
(03:18 / Observers) BEAR_AND: he's good yeah
(04:29 / Observers) bLinn: what a wisp, what a wisp, what a wisp what a mighty good wisp
(04:49 / Observers) Chopstix: are wisps male or female?
(04:50 / Observers) Chopstix: i think male
(04:54 / Observers) BEAR_AND: look @ face dumb shit
(04:55 / Observers) Chopstix: the face sorta looks like
(05:09 / Observers) bLinn: 3 pows from the arcane..
(05:46 / Observers) bLinn: tome of +2 fragility
(05:56 / Observers) BEAR_AND: tome of +2 blinntelligence
(06:23 / Observers) BEAR_AND: You're Getting Harangled! ™
(06:58 / Observers) BEAR_AND: today is backwards day
(07:00 / Observers) bLinn: kottig
(07:04 / Observers) BEAR_AND: Pottem
(07:13 / Observers) bLinn: Keeper of the Groove
(08:52 / Observers) BEAR_AND: hooooooooooooly shit
(08:57 / Observers) bLinn: whiskted away
(09:00 / Observers) bLinn: hey- BBZT peace
(09:12 / Observers) bLinn: come on kage... it's the only whay..
(11:58 / Observers) bLinn: shange up
(12:15 / Observers) bLinn: funny as hecque
(12:46 / All) 1st_Panzer_Div.: you owning me too hard
(13:02 / Observers) BEAR_AND: "hits u on da head" *boink*
(13:12 / Observers) bLinn: i wish i had blink irl so i could blink out of this game
(13:13 / Observers) bLinn: *poog*
(14:46 / Observers) bLinn: toxp
(14:50 / Observers) BEAR_AND: Toxxp
(17:15 / Observers) BEAR_AND: wixpo
(18:02 / Observers) BEAR_AND: pangda
(19:30 / Observers) BEAR_AND: I'mpressed
(21:39 / Observers) BEAR_AND: 6 hp
(21:44 / All) timG4strok: nice hack